 Dungeon Crawl Stone Soup version 0.27.1-3-gb3d3a73c9e (webtiles) character file.

Game seed: 2169149867838987853

127 Crownlay the Chopper (level 5, 0/45 HPs)
             Began as a Hill Orc Fighter on Oct 21, 2021.
             Slain by a phantom (5 damage)
             ... on level 4 of the Dungeon.
             The game lasted 00:04:27 (3401 turns).

Crownlay the Chopper (Hill Orc Fighter)             Turns: 3401, Time: 00:04:28

Health: 0/45       AC:  8    Str: 23    XL:     5   Next: 11%
Magic:  5/5        EV:  9    Int:  8    God:
Gold:   130        SH:  0    Dex: 10    Spells: 4/4 levels left

rFire    . . .     SeeInvis .   a - +0 war axe
rCold    . . .     Faith    .   (no shield)
rNeg     . . .     Spirit   .   b - +0 scale mail
rPois    .         Reflect  .   (no helmet)
rElec    .         Harm     .   (no cloak)
rCorr    .         Rampage  .   o - +0 pair of gloves {Str+3}
Will     .....                  (no boots)
Stlth    ..........             (no amulet)
HPRegen  0.15/turn              (no ring)
MPRegen  0.09/turn              (no ring)

@: confused, ambrosia-drunk
A: no striking features
a: no special abilities


You were on level 4 of the Dungeon.
You visited 1 branch of the dungeon, and saw 4 of its levels.

You collected 130 gold pieces.

Inventory:

Hand Weapons
 a - a +0 war axe (weapon)
 u - a +0 battleaxe
Missiles
 j - 42 poisoned darts (quivered)
 k - 2 javelins
Armour
 b - a +0 scale mail (worn)
 c - a +0 kite shield
 o - a +0 pair of gloves of strength (worn)
Jewellery
 e - a ring of magical power
 g - a ring of wizardry
Scrolls
 i - a scroll of enchant armour
 m - 3 scrolls of identify
 p - a scroll of immolation
 q - a scroll of noise {unknown}
 r - 3 scrolls of amnesia {unknown}
 s - a scroll of teleportation {unknown}
Potions
 d - 2 potions of might
 h - a potion of berserk rage {unknown}
 l - a potion of mutation {unknown}
 n - a potion of flight {unknown}
 t - a potion of curing {unknown}


   Skills:
 - Level 3.6 Fighting
 * Level 5.8 Axes
 - Level 3.2 Armour
 + Level 4.4 Shields


You had 4 spell levels left.
You didn't know any spells.
Your spell library was empty.

Dungeon Overview and Level Annotations

Branches:
Dungeon (4/15)
 Temple: D:4-7

Altars:

Annotations:
D:4 hurston's ghost, amateur GrFi


Message History

You are too injured to fight recklessly!
You are too injured to fight recklessly!
You are too injured to fight recklessly!
You are too injured to fight recklessly!
You are too injured to fight recklessly!
You barely miss the quokka. You closely miss the phantom.
The phantom hits you but does no damage.
The quokka closely misses you.
The quokka bites you but does no damage.
The phantom completely misses you.
You miss the quokka. You miss the phantom. The quokka barely misses you.
The phantom barely misses you.
You slash the quokka!
You kill the quokka!
You miss the phantom. The phantom hits you!
* * * LOW HITPOINT WARNING * * *
You barely miss the phantom.
The phantom is lightly damaged.
The phantom hits you.
* * * LOW HITPOINT WARNING * * *
The phantom blinks!
You blink.
Found a sapphire potion.
You closely miss the phantom.
The phantom is lightly damaged.
Hurston's ghost turns its malevolent gaze towards you.
The phantom hits you but does no damage.
You slash the phantom!
The phantom is heavily damaged.
The phantom barely misses you. The phantom hits you.
* * * LOW HITPOINT WARNING * * *
The phantom blinks!
You blink.
You hit the phantom.
The phantom is heavily damaged.
The phantom hits you.
* * * LOW HITPOINT WARNING * * *
The phantom blinks!
You blink.
Found a potion of might.
Hurston's ghost stares at you.
It was a potion of ambrosia.
You are confused.
You feel invigorated. The phantom hits you.
You die...

.....##... ....#⌠.!♣!.⌠#...
....##W....##..
#....##...##..
#?....##⌠##...
+§.....###..# #.§..#......#
+....##.....#
#...(##$W@..##
+....§§......#
#............#
###..........#######
#........#........
#........#........
#........#........ ..#
......####...).###
##.......#####............#


You could see a phantom and hurston's ghost.

Vanquished Creatures
  A gnoll (D:1)
  4 adders
  4 orcs
  9 endoplasms
  2 giant cockroaches (D:2)
  5 goblins
  7 hobgoblins
  5 jackals (D:1)
  6 kobolds
  4 quokkas
  7 ball pythons
  6 bats
  6 frilled lizards
  6 rats
72 creatures vanquished.

Notes
Turn   | Place    | Note
-------+----------+-------------------------------------------
     0 | D:1      | Crownlay the Hill Orc Fighter began the quest for the Orb.
     0 | D:1      | Reached XP level 1. HP: 19/19 MP: 1/1
   167 | D:1      | Reached skill level 3 in Axes
   180 | D:1      | Reached XP level 2. HP: 15/26 MP: 2/2
   800 | D:1      | Reached skill level 4 in Axes
   804 | D:1      | Reached XP level 3. HP: 23/31 MP: 3/3
  1588 | D:2      | Reached XP level 4. HP: 39/39 MP: 4/4
  1730 | D:2      | Reached skill level 5 in Axes
  3323 | D:4      | Reached XP level 5. HP: 43/45 MP: 5/5
  3383 | D:4      | Noticed a phantom
  3397 | D:4      | Noticed hurston's ghost (amateur GrFi)
  3400 | D:4      | HP: 2/45 [phantom (6)]
  3401 | D:4      | Slain by a phantom

Illustrated notes

Levels and vault maps discovered:
D:1:      grunt_arrival_lava_bath, layout_basic
D:2:      layout_basic, serial_curves, eino_curves_01, eino_curves_04
D:3:      layout_basic
D:4:      layout_basic, hellmonk_ghost_happy_afterlife, minmay_shop_mass,
          roderic_roman_lattice

Skill      XL: |  1  2  3  4 |
---------------+-------------+-----
Axes           | 3 4 5 |  5.8
Shields        | 4 |  4.4
Fighting       | |  3.6
Armour         | |  3.2

Action                   |  1- 3 |  4- 6 || total
-------------------------+-------+-------++-------
Melee: War axe           |    89 |   128 ||   217
  Use: Scroll            |       |     2 ||     2
       Potion            |       |     1 ||     1
Armor: Scale mail        |    43 |    78 ||   121
Dodge: Dodged            |    45 |    74 ||   119
